 Dungeon Crawl Stone Soup version 0.30-a0-170-g85af917532 (webtiles) character file.

Game seed: 4250785856421829114

67 qw the Chopper (level 4, -1/28 HPs)
             Began as a Gargoyle Fighter on Sept 30, 2022.
             Slain by a hobgoblin (5 damage)
             ... led by Robin
             ... on level 2 of the Dungeon.
             The game lasted 00:00:27 (1308 turns).

qw the Chopper (Gargoyle Fighter)                   Turns: 1308, Time: 00:00:28

Health: -1/28      AC: 10    Str: 21    XL:     4   Next: 16%
Magic:  4/4        EV:  9    Int:  9    God:
Gold:   32         SH:  4    Dex:  9    Spells: 3/3 levels left

rFire   . . .      SeeInvis .    Y - +0 war axe
rCold   . . .      Faith    .    c - +0 buckler
rNeg    + . .      Spirit   .    b - +0 scale mail
rPois   inf        Reflect  .    (no helmet)
rElec   +          Harm     .    (no cloak)
rCorr   .          Rampage  .    (no gloves)
Will    .....                    (no boots)
Stlth   ..........               (no amulet)
HPRegen 0.09/turn                (no ring)
MPRegen 0.09/turn                (no ring)

@: no status effects
A: sickness immunity, AC +3, negative energy resistance 1, electricity
resistance, torment resistance 1, petrification resistance
a: no special abilities


You were on level 2 of the Dungeon.
You visited 1 branch of the dungeon, and saw 2 of its levels.

You collected 48 gold pieces.
You spent 16 gold pieces at shops.


Innate Abilities, Weirdness & Mutations

You are immune to sickness and miasma.
Your stone body is resilient. (AC +3)
You are immune to poison.
You resist negative energy. (rN+)
You are resistant to electric shocks. (rElec)
You are resistant to unholy torment.
You are immune to petrification.


   Skills:
 - Level 3.2 Fighting
 + Level 3.9 Axes
 - Level 3.2 Armour
 - Level 3.2 Shields


You had 3 spell levels left.
You didn't know any spells.
Your spell library was empty.

Inventory:

Hand Weapons
 f - a +0 club
 Y - a +0 war axe (weapon)
Armour
 b - a +0 scale mail (worn)
 c - a +0 buckler (worn)
Potions
 d - a potion of might

Dungeon Overview and Level Annotations

Branches:
Dungeon (2/15)

Altars:

Shops:
D:1 *

Annotations:
D:2 Robin


Message History

The goblin closely misses you. x2; The goblin misses you.
The goblin closely misses you. The goblin hits you but does no damage.
You block the goblin's attack.
You closely miss the goblin.
The goblin is severely wounded.
You closely miss the goblin. x2; You slash the goblin!
You kill the goblin!
The goblin hits you with a +0 club.
The goblin hits you but does no damage. x2
You closely miss the goblin.
The goblin is severely wounded.
You barely miss the goblin. You closely miss the goblin.
Robin's horned helmet rattles.
The goblin hits you with a +0 club. You block the goblin's attack. x2
You hit the goblin.
You kill the goblin!
You barely miss the goblin. You hit the goblin but do no damage.
You slash the goblin!
You kill the goblin!
The goblin hits you but does no damage. The goblin hits you with a +0 dagger.
You block the goblin's attack. Robin throws the goblin at you!
The goblin hits you but does no damage. The hobgoblin hits you.
The goblin hits you but does no damage.
You hit the goblin.
You kill the goblin!
You completely miss the goblin. You barely miss the hobgoblin.
You slash the goblin!
You kill the goblin!
You closely miss the hobgoblin.
The goblin shoots a sling bullet.
The sling bullet hits you. The goblin barely misses you.
Robin roars a battlecry!
The goblins go into a battle-frenzy!
A goblin comes into view. It is wielding a +0 dagger.
The hobgoblin hits you.
You barely miss the hobgoblin.
You hit the goblin. x2; You hit the rat.
You kill the rat!
You closely miss the hobgoblin. The goblin hits you but does no damage.
The hobgoblin closely misses you. Robin throws the goblin at you!
The hobgoblin hits you.
You die...

#...# #...#####
####...#....
.......<...
.......... K..g..g
#g).# #@g.# #gg.#
#######...#
#.....#...#
#.###.#...#
#.........###
#.#.........#
#.#...#.###.####
####.#.....%##.##.##


You could see Robin, 2 hobgoblins, 3 goblins and a kobold.

Vanquished Creatures
  2 adders (D:2)
  4 ball pythons
  5 endoplasms
  2 giant cockroaches (D:1)
  7 goblins
  5 hobgoblins
  2 jackals (D:1)
  3 kobolds (D:1)
  2 quokkas
  5 bats (D:1)
  2 frilled lizards
  2 rats (D:2)
41 creatures vanquished.

Notes
Turn   | Place    | Note
-------+----------+-------------------------------------------
     0 | D:1      | qw the Gargoyle Fighter began the quest for the Orb.
     0 | D:1      | Reached XP level 1. HP: 14/14 MP: 1/1
     0 | D:1      | 0 ||| qw: Version: 0.2-a-12-gaebbb33
     0 | D:1      | 0 ||| qw: Game counter: 1442
     0 | D:1      | 0 ||| qw: Always use a shield: true
     0 | D:1      | 0 ||| qw: God list: Okawaru
     0 | D:1      | 0 ||| qw: Allow faded altars: false
     0 | D:1      | 0 ||| qw: Do Orc after D:15 true
     0 | D:1      | 0 ||| qw: Do second Lair branch before Depths: true
     0 | D:1      | 0 ||| qw: Lair rune preference: random
     0 | D:1      | 0 ||| qw: Plans: Normal, Zot:1-4, God:TSO, Crypt, Tomb,
                  | Pan, Slime:5, Hells, Abyss, Orb
     0 | D:1      | 0 ||| PLANNING D:1-11
   141 | D:1      | Reached XP level 2. HP: 19/19 MP: 2/2
   465 | D:1      | Found Takaving's Assorted Antiques.
   470 | D:1      | 470 ||| BUYING club (16 gold).
   470 | D:1      | Bought a club for 16 gold pieces
   470 | D:1      | 470 ||| SHOPLISTING fuming grey potion (14 gold, have 3).
   470 | D:1      | 470 ||| SHOPLISTING potion of might (64 gold, have 3).
   470 | D:1      | 470 ||| SHOPLISTING scroll labelled EHOCUM MYPIGH (16 gold,
                  | have 3).
   470 | D:1      | 470 ||| SHOPLISTING scroll labelled VENNACV UGIEG (16 gold,
                  | have 3).
   470 | D:1      | 470 ||| SHOPLISTING smoky coppery potion (14 gold, have 3).
   483 | D:1      | Reached skill level 3 in Axes
   505 | D:1      | Reached XP level 3. HP: 23/23 MP: 3/3
   532 | D:1      | 532 ||| Stepping ~*~*~tactically~*~*~ (stealth).
   533 | D:1      | 533 ||| Stepping ~*~*~tactically~*~*~ (stealth).
  1047 | D:1      | 1047 ||| READING scroll labelled ROESIGESKI.
  1048 | D:1      | 1048 ||| READING scroll labelled OBAENTOIFAI.
  1095 | D:2      | 1095 ||| Stepping ~*~*~tactically~*~*~ (stealth).
  1250 | D:2      | Reached XP level 4. HP: 26/28 MP: 4/4
  1300 | D:2      | Noticed Robin
  1307 | D:2      | HP: 4/28 [hobgoblin[Robin] (6)]
  1308 | D:2      | Slain by a hobgoblin

Levels and vault maps discovered:
D:1:      lemuel_arrival_broad_hall, layout_basic, serial_shops, shop,
          due_unseen_surprise
D:2:      layout_loops_cross, uniq_robin

Skill      XL: |  1  2 |
---------------+-------+-----
Axes           | 2 3 |  3.9
Fighting       | |  3.2
Armour         | |  3.2
Shields        | |  3.2

Action                   |  1- 3 |  4- 6 || total
-------------------------+-------+-------++-------
Melee: War axe           |    99 |     9 ||   108
  Use: Scroll            |     2 |       ||     2
Armor: Scale mail        |    53 |    13 ||    66
Dodge: Dodged            |    33 |    10 ||    43
Block: Buckler           |    24 |     5 ||    29

Table legend:
 A = Non-vault XP
 B = Vault XP
 C = Vault XP percentage of total XP
 D = Non-vault monster count
 E = Vault monster count
 F = Vault count percentage of total count
                 A         B        C        D         E       F
            +---------+---------+-------+---------+---------+-------
      Total |      85 |      12 |  12.4 |      35 |       6 |  14.6
            +---------+---------+-------+---------+---------+-------
        D:1 |      50 |       0 |   0.0 |      27 |       0 |   0.0
        D:2 |      35 |      12 |  25.5 |       8 |       6 |  42.9
            +---------+---------+-------+---------+---------+-------
